General information
- name: BNet
- type: Ladder team game (AT/RT)
- host: Battle.net
- saver: URMOMISMYBlTCH
map: TwilightRuins
- players: 8
- length: 46:06
- speed: Fast
- version: 1.27 W3XP
- replay type: Public
» download(218 KB)
Players
team 1 (loser)
URMOMISMYBlTCH (
blue | 46 APM | 2136 actions | 46:06)
8 Blademaster
3 Wind Walk
3 Critical Strike
1 Bladestorm
1 Mirror Image
» actions
| Assign group hotkey | 68 | |
| Basic commands | 176 | |
| Build / train | 95 | |
| Enter build submenu | 72 | |
| Enter hero's abilities submenu | 8 | |
| Give item / drop item | 14 | |
| Remove unit from queue | 2 | |
| Right click | 855 | |
| Select / deselect | 415 | |
| Select group hotkey | 238 | |
| Use ability | 192 | |
2136 total
» units
| Peon | 20 | |
| Grunt | 7 | |
| Goblin Shredder | 6 | |
| Wind Rider | 6 | |
| Goblin Sapper | 9 | |
| Goblin Zeppelin | 4 | |
| Troll Batrider | 2 | |
54 total
» upgrades
| Armor | 4 | |
| Ranged Weapons | 3 | |
| Envenomed Spears | 1 | |
| Reinforced Defenses | 1 | |
| Spiked Barricades | 1 | |
10 total
» buildings
| Orc Burrow | 5 | |
| Altar of Storms | 1 | |
| Barracks | 1 | |
| Voodoo Lounge | 2 | |
| Stronghold | 2 | |
| Great Hall | 3 | |
| War Mill | 2 | |
| Beastiary | 4 | |
| Watch Tower | 73 | |
| Fortress | 1 | |
94 total
» build order
00:10 Orc Burrow
00:51 Altar of Storms
00:52 Barracks
01:05 Orc Burrow
02:04 Orc Burrow
02:17 Voodoo Lounge
03:30 Stronghold
04:25 Great Hall
05:09 War Mill
06:13 Beastiary
06:13 Beastiary
06:24 Watch Tower
06:24 Watch Tower
06:25 Watch Tower
06:25 Watch Tower
06:55 Orc Burrow
07:25 Orc Burrow
07:30 Fortress
09:46 War Mill
10:21 Beastiary
10:22 Beastiary
15:04 Watch Tower
15:06 Watch Tower
15:06 Watch Tower
15:07 Watch Tower
15:08 Watch Tower
15:12 Watch Tower
15:13 Watch Tower
15:13 Watch Tower
15:14 Watch Tower
15:16 Watch Tower
15:21 Watch Tower
15:21 Watch Tower
15:22 Watch Tower
15:23 Watch Tower
15:23 Watch Tower
15:24 Watch Tower
15:25 Watch Tower
15:26 Watch Tower
15:26 Watch Tower
15:26 Watch Tower
15:27 Watch Tower
15:42 Watch Tower
15:42 Watch Tower
15:43 Watch Tower
15:44 Watch Tower
20:49 Great Hall
20:54 Watch Tower
20:54 Watch Tower
20:54 Watch Tower
20:55 Watch Tower
20:58 Watch Tower
20:58 Watch Tower
20:59 Watch Tower
21:00 Watch Tower
21:01 Watch Tower
21:02 Watch Tower
25:09 Watch Tower
25:10 Watch Tower
25:12 Watch Tower
25:13 Watch Tower
25:16 Watch Tower
26:40 Watch Tower
26:42 Watch Tower
26:43 Watch Tower
26:45 Watch Tower
26:47 Watch Tower
26:48 Watch Tower
28:45 Watch Tower
28:46 Watch Tower
28:46 Watch Tower
28:47 Watch Tower
28:47 Watch Tower
28:49 Watch Tower
28:49 Watch Tower
28:50 Watch Tower
28:51 Watch Tower
28:53 Watch Tower
32:26 Great Hall
32:29 Watch Tower
32:30 Watch Tower
32:30 Watch Tower
32:31 Watch Tower
32:33 Watch Tower
32:34 Watch Tower
32:34 Watch Tower
32:36 Watch Tower
32:37 Watch Tower
32:37 Watch Tower
32:38 Watch Tower
32:39 Watch Tower
32:40 Voodoo Lounge
39:55 Stronghold
» items
| Healing Salve | 6 | |
| Gloves of Haste | 1 | |
| Orb of Lightning | 1 | |
| Staff of Teleportation | 3 | |
| Tiny Great Hall | 3 | |
| Potion of Healing | 1 | |
| Potion of Mana | 1 | |
| Lesser Clarity Potion | 1 | |
17 total
FUNNNNN (
green | 51 APM | 1611 actions | 31:47)
6 Demon Hunter
1 Immolation
3 Mana Burn
1 Evasion
1 Metamorphosis
» actions
| Basic commands | 6 | |
| Build / train | 107 | |
| Enter build submenu | 13 | |
| Enter hero's abilities submenu | 6 | |
| Give item / drop item | 1 | |
| Remove unit from queue | 4 | |
| Right click | 825 | |
| Select / deselect | 543 | |
| Use ability | 104 | |
1611 total
» units
» upgrades
| Moon Armor | 2 | |
| Strength of the Moon | 3 | |
| Upgrade Moon Glaive | 1 | |
6 total
» buildings
| Altar of Elders | 1 | |
| Moon Well | 6 | |
| Hunter's Hall | 2 | |
| Ancient of War | 2 | |
| Tree of Life | 2 | |
| Tree of Ages | 3 | |
| Tree of Eternity | 3 | |
19 total
» build order
00:10 Altar of Elders
00:13 Moon Well
01:19 Moon Well
01:25 Moon Well
02:03 Hunter's Hall
02:27 Hunter's Hall
02:29 Ancient of War
03:13 Ancient of War
03:28 Tree of Life
07:58 Tree of Ages
07:59 Tree of Ages
07:59 Tree of Ages
09:40 Moon Well
09:41 Moon Well
09:42 Moon Well
10:45 Tree of Eternity
10:45 Tree of Eternity
13:01 Tree of Life
» items
| Boots of Speed | 3 | |
| Scroll of Town Portal | 4 | |
| Potion of Lesser Invulnerability | 5 | |
| Scroll of Regeneration | 2 | |
| Lesser Clarity Potion | 1 | |
| Potion of Healing | 3 | |
| Scroll of Healing | 1 | |
| Healing Salve | 2 | |
| Staff of Teleportation | 1 | |
22 total
veechi (
purple | 53 APM | 1125 actions | 21:16)
3 Archmage
2 Summon Water Elemental
1 Brilliance Aura
» actions
| Assign group hotkey | 4 | |
| Basic commands | 12 | |
| Build / train | 73 | |
| Enter build submenu | 32 | |
| Enter hero's abilities submenu | 3 | |
| Remove unit from queue | 2 | |
| Right click | 546 | |
| Select / deselect | 356 | |
| Select group hotkey | 14 | |
| Use ability | 80 | |
1125 total
» units
| Peasant | 23 | |
| Footman | 6 | |
| Mortar Team | 6 | |
| Flying Machine | 8 | |
| Sorceress | 3 | |
| Priest | 6 | |
52 total
» upgrades
| Lumber Harvesting | 1 | |
| Gunpowder | 3 | |
| Armor | 0 | |
4 total
» buildings
| Farm | 21 | |
| Altar of Kings | 1 | |
| Barracks | 2 | |
| Keep | 3 | |
| Town Hall | 1 | |
| Blacksmith | 1 | |
| Lumber Mill | 1 | |
| Scout Tower | 24 | |
| Workshop | 2 | |
| Arcane Vault | 1 | |
| Arcane Sanctum | 2 | |
| Castle | 1 | |
| Guard Tower | 4 | |
64 total
» build order
00:26 Farm
00:34 Altar of Kings
00:53 Barracks
01:00 Barracks
01:11 Farm
01:42 Farm
01:46 Farm
03:12 Keep
04:20 Town Hall
05:09 Keep
05:59 Farm
06:01 Farm
06:01 Farm
07:05 Keep
07:12 Blacksmith
07:16 Lumber Mill
08:15 Scout Tower
08:16 Scout Tower
08:18 Scout Tower
08:19 Scout Tower
08:35 Farm
08:36 Farm
08:38 Farm
08:38 Farm
09:33 Workshop
09:35 Workshop
09:39 Arcane Vault
09:56 Arcane Sanctum
09:58 Arcane Sanctum
10:02 Scout Tower
10:04 Scout Tower
10:06 Scout Tower
10:07 Scout Tower
10:10 Scout Tower
10:10 Scout Tower
10:12 Scout Tower
10:13 Scout Tower
10:15 Scout Tower
10:16 Scout Tower
10:17 Scout Tower
10:38 Farm
10:39 Farm
10:43 Farm
10:44 Farm
10:45 Farm
10:46 Farm
10:48 Farm
10:49 Farm
10:50 Farm
12:30 Farm
12:39 Scout Tower
13:09 Castle
16:38 Guard Tower
16:40 Guard Tower
17:03 Guard Tower
19:56 Scout Tower
20:00 Scout Tower
20:00 Scout Tower
20:01 Scout Tower
20:06 Scout Tower
20:07 Scout Tower
20:08 Scout Tower
20:08 Scout Tower
20:37 Guard Tower
GHOUL.FRENZY (
yellow | 24 APM | 1103 actions | 46:06)
8 Blademaster
3 Wind Walk
3 Critical Strike
1 Bladestorm
1 Mirror Image
» actions
| Basic commands | 5 | |
| Build / train | 62 | |
| Enter build submenu | 24 | |
| Enter hero's abilities submenu | 8 | |
| Give item / drop item | 12 | |
| Right click | 675 | |
| Select / deselect | 257 | |
| Use ability | 60 | |
1103 total
» units
» upgrades
| Spiked Barricades | 1 | |
| Ranged Weapons | 3 | |
| Liquid Fire | 1 | |
| Reinforced Defenses | 1 | |
| Armor | 2 | |
8 total
» buildings
| Orc Burrow | 8 | |
| Altar of Storms | 1 | |
| Voodoo Lounge | 1 | |
| War Mill | 1 | |
| Watch Tower | 8 | |
| Barracks | 1 | |
| Stronghold | 1 | |
| Fortress | 1 | |
| Beastiary | 3 | |
25 total
» build order
00:07 Orc Burrow
00:08 Altar of Storms
00:57 Voodoo Lounge
01:26 War Mill
02:59 Watch Tower
03:04 Watch Tower
03:09 Watch Tower
03:15 Watch Tower
04:18 Watch Tower
04:21 Watch Tower
04:25 Watch Tower
04:36 Watch Tower
05:09 Orc Burrow
05:43 Barracks
06:13 Orc Burrow
06:39 Stronghold
06:57 Orc Burrow
08:06 Orc Burrow
10:05 Fortress
10:09 Beastiary
11:43 Beastiary
12:43 Beastiary
19:42 Orc Burrow
19:44 Orc Burrow
21:36 Orc Burrow
» items
| Healing Salve | 4 | |
| Boots of Speed | 1 | |
| Circlet of Nobility | 2 | |
| Periapt of Vitality | 1 | |
| Scroll of Healing | 1 | |
| Potion of Healing | 5 | |
| Orb of Lightning | 1 | |
| Lesser Clarity Potion | 2 | |
17 total
team 2 (winner)
WHATTHEFU.CK (
red | 95 APM | 4364 actions | 46:06)
10 Blademaster
3 Wind Walk
3 Critical Strike
1 Bladestorm
3 Mirror Image
» actions
| Assign group hotkey | 127 | |
| Basic commands | 192 | |
| Build / train | 156 | |
| ESC pressed | 13 | |
| Enter build submenu | 41 | |
| Enter hero's abilities submenu | 12 | |
| Give item / drop item | 12 | |
| Right click | 1856 | |
| Select / deselect | 406 | |
| Select group hotkey | 1247 | |
| Use ability | 302 | |
4364 total
» units
| Peon | 14 | |
| Grunt | 4 | |
| Wind Rider | 6 | |
| Goblin Shredder | 4 | |
| Troll Batrider | 9 | |
| Goblin Zeppelin | 12 | |
| Troll Headhunter/Berserker | 3 | |
| Troll Witch Doctor | 2 | |
54 total
» upgrades
| Armor | 3 | |
| Berserker Strength | 1 | |
| Pillage | 1 | |
| Spiked Barricades | 4 | |
| Reinforced Defenses | 1 | |
| Ranged Weapons | 3 | |
| Envenomed Spears | 1 | |
| Troll Regeneration | 1 | |
| Liquid Fire | 1 | |
| Berserker Upgrade | 1 | |
| Witch Doctor Training | 2 | |
| Melee Weapons | 1 | |
| Burning Oil | 1 | |
| Ensnare | 1 | |
| War Drums Damage Increase | 1 | |
| Ultravision | 1 | |
24 total
» buildings
| Orc Burrow | 8 | |
| Altar of Storms | 1 | |
| Barracks | 3 | |
| Voodoo Lounge | 2 | |
| Stronghold | 5 | |
| War Mill | 1 | |
| Great Hall | 2 | |
| Watch Tower | 17 | |
| Fortress | 5 | |
| Beastiary | 3 | |
| Spirit Lodge | 1 | |
48 total
» build order
00:10 Orc Burrow
00:53 Altar of Storms
00:54 Barracks
01:28 Orc Burrow
02:05 Voodoo Lounge
03:03 Orc Burrow
03:47 Stronghold
03:47 Stronghold
03:47 Stronghold
03:47 Stronghold
04:25 War Mill
05:37 Great Hall
06:04 Watch Tower
06:06 Watch Tower
06:21 Watch Tower
06:31 Watch Tower
07:03 Fortress
07:03 Fortress
07:03 Fortress
07:07 Beastiary
08:09 Great Hall
08:15 Watch Tower
08:16 Watch Tower
08:21 Watch Tower
08:24 Watch Tower
08:52 Watch Tower
08:53 Watch Tower
09:33 Orc Burrow
10:39 Watch Tower
10:42 Watch Tower
11:45 Beastiary
11:52 Watch Tower
11:54 Watch Tower
13:34 Watch Tower
13:35 Watch Tower
13:37 Watch Tower
17:11 Beastiary
21:57 Orc Burrow
23:35 Orc Burrow
23:38 Orc Burrow
23:41 Orc Burrow
24:36 Barracks
24:38 Barracks
27:37 Voodoo Lounge
29:26 Spirit Lodge
» items
| Healing Salve | 7 | |
| Gloves of Haste | 1 | |
| Lesser Clarity Potion | 5 | |
| Scroll of Town Portal | 4 | |
| Orb of Lightning | 1 | |
| Pendant of Energy | 1 | |
| Claws of Attack +9 | 1 | |
| Potion of Mana | 1 | |
| Tiny Great Hall | 1 | |
22 total
greenisgood (
teal | 25 APM | 1160 actions | 46:06)
4 Blademaster
1 Critical Strike
3 Wind Walk
» actions
| Assign group hotkey | 7 | |
| Basic commands | 24 | |
| Build / train | 87 | |
| Enter build submenu | 34 | |
| Enter hero's abilities submenu | 4 | |
| Remove unit from queue | 1 | |
| Right click | 383 | |
| Select / deselect | 449 | |
| Select group hotkey | 117 | |
| Use ability | 49 | |
1160 total
» units
| Peon | 18 | |
| Grunt | 24 | |
| Shaman | 14 | |
| Wind Rider | 5 | |
61 total
» upgrades
| Armor | 3 | |
| Spiked Barricades | 1 | |
| Shaman Training | 2 | |
| Berserker Strength | 1 | |
| Reinforced Defenses | 1 | |
| Ranged Weapons | 3 | |
| Melee Weapons | 3 | |
| Envenomed Spears | 1 | |
| Pillage | 1 | |
16 total
» buildings
| Orc Burrow | 14 | |
| Altar of Storms | 2 | |
| Barracks | 2 | |
| War Mill | 1 | |
| Voodoo Lounge | 1 | |
| Stronghold | 1 | |
| Great Hall | 1 | |
| Watch Tower | 9 | |
| Spirit Lodge | 1 | |
| Fortress | 2 | |
| Beastiary | 3 | |
37 total
» build order
00:25 Orc Burrow
00:55 Altar of Storms
01:40 Barracks
01:47 Orc Burrow
01:52 Barracks
02:14 Orc Burrow
02:26 War Mill
02:42 Voodoo Lounge
05:13 Stronghold
05:59 Great Hall
06:09 Watch Tower
06:29 Orc Burrow
07:16 Watch Tower
07:41 Spirit Lodge
08:54 Fortress
09:02 Watch Tower
10:11 Watch Tower
10:38 Fortress
10:47 Beastiary
10:53 Beastiary
10:57 Beastiary
11:26 Watch Tower
11:35 Orc Burrow
11:47 Orc Burrow
13:22 Orc Burrow
13:26 Orc Burrow
13:29 Orc Burrow
13:51 Orc Burrow
14:35 Orc Burrow
14:38 Orc Burrow
14:40 Orc Burrow
14:53 Orc Burrow
21:50 Watch Tower
21:53 Watch Tower
23:07 Altar of Storms
23:43 Watch Tower
23:48 Watch Tower
PFrog91 (
orange | 47 APM | 630 actions | 13:18)
3 Demon Hunter
2 Immolation
1 Evasion
» actions
| Assign group hotkey | 10 | |
| Build / train | 60 | |
| Enter build submenu | 13 | |
| Enter hero's abilities submenu | 3 | |
| Remove unit from queue | 1 | |
| Right click | 305 | |
| Select / deselect | 115 | |
| Select group hotkey | 100 | |
| Use ability | 23 | |
630 total
» units
» upgrades
| Strength of the Wild | 2 | |
| Reinforced Hides | 1 | |
| Strength of the Moon | 1 | |
| Moon Armor | 1 | |
5 total
» buildings
| Moon Well | 5 | |
| Altar of Elders | 1 | |
| Ancient of War | 1 | |
| Hunter's Hall | 1 | |
| Tree of Ages | 1 | |
| Tree of Life | 2 | |
| Ancient Protector | 2 | |
| Tree of Eternity | 1 | |
14 total
» build order
00:09 Moon Well
00:11 Altar of Elders
00:37 Ancient of War
01:34 Moon Well
02:36 Moon Well
03:50 Moon Well
04:29 Hunter's Hall
04:54 Moon Well
05:35 Tree of Ages
06:31 Tree of Life
09:29 Ancient Protector
11:00 Ancient Protector
11:55 Tree of Eternity
12:07 Tree of Life

»
readyfor2017 (
pink | 10 APM | 81 actions | 07:50)
1 Blademaster
1 Mirror Image
» actions
| Build / train | 19 | |
| Enter build submenu | 9 | |
| Enter hero's abilities submenu | 1 | |
| Right click | 18 | |
| Select / deselect | 25 | |
| Use ability | 9 | |
81 total
» units
» upgrades
» buildings
| Altar of Storms | 1 | |
| Barracks | 1 | |
| Orc Burrow | 5 | |
| Voodoo Lounge | 1 | |
| War Mill | 1 | |
| Stronghold | 1 | |
10 total
» build order
00:12 Altar of Storms
00:20 Barracks
00:26 Orc Burrow
02:26 Orc Burrow
02:33 Orc Burrow
03:02 Orc Burrow
03:19 Voodoo Lounge
03:35 Orc Burrow
03:52 War Mill
06:08 Stronghold
Chat log
(00:04 / All) FUNNNNN: Lol
(00:11 / All) greenisgood: lulz
(00:14 / All) veechi: "
(00:15 / All) WHATTHEFU.CK: iseedeadpeople
(00:18 / All) veechi: lol
(00:19 / All) veechi: me 2
(00:25 / All) URMOMISMYBlTCH: greedisgood 9999
(00:38 / All) veechi: lol
(00:39 / All) FUNNNNN: :D
(00:47 / All) veechi: im drunk guys soo
(00:56 / All) FUNNNNN: suck my balls
(00:58 / All) greenisgood: haha
(01:00 / All) WHATTHEFU.CK: why you gotta announce it
(01:01 / All) FUNNNNN: Lol
(01:06 / All) veechi: cuz im drunk
(01:11 / All) WHATTHEFU.CK: When I drink I don't have to tell anyone
(01:13 / All) veechi: drunk logic
(01:15 / All) URMOMISMYBlTCH: I remember when I first started playing this game
(01:17 / All) greenisgood: that's what drunk peple do
(01:17 / All) WHATTHEFU.CK: either it won't be noticeable
(01:20 / All) WHATTHEFU.CK: or you'll fucking know
(01:22 / All) veechi: ahaha
(01:26 / All) URMOMISMYBlTCH: my friend and I and a kid we met there were trying those cheats on muitlplayer
(01:27 / All) veechi: me 2 8 years ago
(01:28 / All) FUNNNNN: drink
(01:29 / All) FUNNNNN: omg
(01:47 / All) WHATTHEFU.CK: I remember wishing I could get cheat codes working on ladder
(01:49 / All) URMOMISMYBlTCH: at a lan center*
(01:55 / All) WHATTHEFU.CK: iseedeadpeople is the only one you can make work
(02:10 / All) veechi: word
(02:38 / Allies) FUNNNNN: lol
(02:41 / Allies) FUNNNNN: i have no tp
(02:42 / Allies) FUNNNNN: wtf
(02:48 / Allies) veechi: lmao
(02:49 / Allies) veechi: hahahah
(02:51 / Allies) veechi: i have it
(02:52 / Allies) FUNNNNN: wwtf
(02:52 / Allies) FUNNNNN: man
(02:57 / Allies) veechi: i stole it
(03:34 / Allies) FUNNNNN: fucking bug
(03:37 / Allies) veechi: sucks
(07:43 / Allies) veechi: cummin
(07:50 / All) greenisgood: his internet's not ready for 2017
(07:52 / All) veechi: lol
(07:53 / All) URMOMISMYBlTCH: got heem
(07:53 / All) veechi: G
(07:53 / All) veechi: G
(08:43 / Allies) FUNNNNN: ty
(08:46 / Allies) FUNNNNN: no moons
(08:47 / Allies) FUNNNNN: lol
(08:55 / Allies) FUNNNNN: no shop
(08:56 / Allies) FUNNNNN: gj
(09:02 / Allies) veechi: im going morts and heals
(09:08 / Allies) veechi: so someone needs meele
(09:20 / Allies) FUNNNNN: shp
(09:22 / Allies) FUNNNNN: shop
(09:23 / Allies) FUNNNNN: omg
(11:10 / All) FUNNNNN: Mh
(11:11 / All) FUNNNNN: red
(11:12 / All) FUNNNNN: Xd
(11:20 / All) WHATTHEFU.CK: LOL
(11:22 / All) WHATTHEFU.CK: what makes you say that
(11:35 / Allies) FUNNNNN: hekp
(11:35 / Allies) veechi: shud i go aa?
(11:36 / Allies) FUNNNNN: help
(13:00 / Allies) veechi: ill kill his air
(13:01 / Allies) veechi: quick rn
(14:07 / Allies) veechi: i got it
(14:49 / Allies) veechi: comin
(15:26 / Allies) veechi: going
(15:27 / Allies) veechi: fast
(17:24 / Allies) veechi: meet here
(17:25 / Allies) veechi: everyone
(17:55 / Allies) URMOMISMYBlTCH: wtf purple
(18:00 / Allies) veechi: what
(18:05 / Allies) URMOMISMYBlTCH: took my item
(18:06 / Allies) FUNNNNN: noob
(18:11 / Allies) veechi: take it
(18:13 / Allies) veechi: here
(18:29 / Allies) veechi: we need meele
(18:31 / Allies) veechi: nooooooow
(18:34 / Allies) veechi: here
(18:46 / Allies) FUNNNNN: i stop playy
(18:51 / Allies) veechi: blue really?
(20:35 / Allies) URMOMISMYBlTCH: purple is tk
(20:41 / All) veechi: GG
(20:43 / All) veechi: he tk me
(20:53 / Allies) veechi: yu kill my base
(20:54 / Allies) veechi: dude stfu
(24:36 / Allies) FUNNNNN: gold plz
(26:04 / Allies) FUNNNNN: use
(26:05 / Allies) FUNNNNN: omg
(30:26 / Allies) FUNNNNN: idiot
(30:27 / Allies) FUNNNNN: blue
(30:29 / Allies) FUNNNNN: ty
(30:42 / Allies) FUNNNNN: GIVE ME GOLD
(30:43 / Allies) FUNNNNN: FOR HERO
(31:10 / Allies) GHOUL.FRENZY: blue tking
(31:23 / Allies) FUNNNNN: die cancer
(31:24 / Allies) FUNNNNN: blue
(31:29 / Allies) FUNNNNN: ur mother
(31:30 / Allies) FUNNNNN: willl die
(31:34 / Allies) URMOMISMYBlTCH: that's not nice
(31:56 / Allies) URMOMISMYBlTCH: you don't help me when I get tked or attack, FUCK YOU!
(32:12 / Allies) URMOMISMYBlTCH: if you're not with me, you're against me!
(34:47 / Allies) URMOMISMYBlTCH: lol
(35:03 / Allies) GHOUL.FRENZY: blue ur dumber than u play
(35:20 / Allies) URMOMISMYBlTCH: sticks and stones may break my bones
(35:23 / Allies) URMOMISMYBlTCH: but words will never hurt me
(41:50 / All) greenisgood: blue you two are together?
(42:11 / All) URMOMISMYBlTCH: what are you talking about, lunatic?
(42:32 / All) greenisgood: red's telling me you two are friends
(42:40 / All) WHATTHEFU.CK: We're putting you and yellow in a standoff
(42:45 / All) URMOMISMYBlTCH: Red? That's not a name I recognize
(42:56 / All) URMOMISMYBlTCH: Never heard of the guy, that's for sure
(43:03 / All) greenisgood: so you're waiting to see who leaves first then?
(43:25 / All) WHATTHEFU.CK: brb one sec
(43:44 / All) URMOMISMYBlTCH: Look, pal. I don't feel like being interrogated, see?
(43:59 / All) URMOMISMYBlTCH: IF I'm not under arrest, then you better let me be on my way, then, alright?
(44:02 / All) greenisgood: you don't have to answer me i'm just curious.
(44:05 / All) greenisgood: this is unusual
(44:36 / All) greenisgood: two bm's should duke it out for ultimate supremacy lol
(45:23 / All) URMOMISMYBlTCH: Heh, maybe in your little world. You got a death wish? That's cool.
(45:31 / All) URMOMISMYBlTCH: But I don't need to throw my life away like that, okay?
(46:03 / All) URMOMISMYBlTCH: Alright, pal. Bye. See ya.